AoeStats
← Godlys

Arena

509082612Analyzed
3v3 RM · 7d ago on Sep 25, 2026· 41m 17s· 6 players
Game mode
Random Map
Map size
Normal (6 player)
Population
200
Speed
Normal
Resources
Standard
Victory
Conquest
Starting age
Dark Age
Ending age
Imperial Age
RankedLock teamsTeams togetherTeam positionsShared explorationLock speedFull tech treeHidden civsTurbo modeCheats
Victory
Defeat
🇹🇷 Turks · Türkiye
1056
+17
🇨🇿 Saxons · Czechia
1030
+18
🇳🇴 Bohemians · Norway
995
+58
🇺🇾 Saxons · Uruguay
1123
-20
🇯🇵 Khitans · Japan
1062
-18
🇦🇺 Danes · Australia
1056
-17
Godlys
10:08 Feudal Age
9:34 Loom
13:59 Castle Age
13:47 Fletching
22:46 Double-Bit Axe
22:49 Horse Collar
24:35 Bow Saw
24:52 Heavy Plow
26:53 Fervor
31:48 Wheelbarrow
33:40 Chemistry
33:50 Padded Archer Armor
35:13 Leather Archer Armor
35:16 Wagenburg Tactics
41:58 Imperial Age
Graund
11:32 Feudal Age
16:25 Castle Age
15:28 Double-Bit Axe
15:27 Horse Collar
15:43 Gold Mining
17:26 Bow Saw
19:22 Heavy Plow
23:55 Imperial Age
22:24 Padded Archer Armor
23:20 Leather Archer Armor
23:54 Fletching
25:17 Ring Archer Armor
26:05 Gold Shaft Mining
26:47 Wheelbarrow
26:48 Thumb Ring
31:11 Hand Cart
32:03 Two-Man Saw
32:10 Bodkin Arrow
38:53 Bracer
BlizixXx
10:34 Feudal Age
12:23 Wheelbarrow
14:48 Castle Age
15:26 Loom
16:27 Double-Bit Axe
19:34 Scale Mail Armor
28:57 Imperial Age
28:06 Chain Mail Armor
29:35 Bow Saw
30:47 Conscription
33:11 Fletching
33:30 Elite Hearth Troop
36:10 Gold Mining
39:37 Capped Ram
40:22 Capped Ram
Walter2000
11:38 Feudal Age
13:12 Double-Bit Axe
15:45 Castle Age
13:32 Loom
13:59 Domestication
16:48 Bow Saw
18:23 Fletching
18:44 Forging
18:40 Scale Barding Armor
19:07 Bodkin Arrow
29:21 Pastoralism
32:06 Wheelbarrow
33:20 Hand Cart
bandreol
8:50 Feudal Age
8:07 Loom
9:35 Double-Bit Axe
10:14 Man-at-Arms
13:47 Arson
16:08 Horse Collar
25:37 Castle Age
23:58 Fletching
24:24 Gold Mining
24:26 Stone Mining
25:23 Scale Mail Armor
25:33 Forging
26:44 Squires
27:04 Bow Saw
26:55 Heavy Plow
27:09 Gambesons
29:03 Wheelbarrow
31:00 Crossbowman
31:02 Elite Skirmisher
32:49 Masonry
32:45 Bodkin Arrow
35:02 Wheelbarrow
34:40 Padded Archer Armor
38:11 Ballistics
Angusjack
12:10 Feudal Age
18:07 Castle Age
16:53 Double-Bit Axe
16:56 Horse Collar
18:48 Gambesons
19:50 Crossbowman
20:36 Thumb Ring
20:31 Fletching
22:21 Bodkin Arrow
26:48 Padded Archer Armor
29:14 Squires
29:34 Forging
30:46 Ballistics
35:45 Imperial Age
34:01 Scale Mail Armor
35:24 Leather Archer Armor
35:42 Elite Skirmisher
36:35 Bracer
37:38 Chemistry
39:36 Bow Saw
39:27 Heavy Plow
40:05 Wheelbarrow
39:16 Town Watch
Connection lost

Rejoining the realm…

Still unreachable

The connection could not be restored.

Session expired

The server has moved on; the page needs a fresh start.